 Dungeon Crawl Stone Soup version 0.28.0-43-g3370ac3207 (webtiles) character file.

Game seed: 114551586539776671

944 cbfl8 the Slasher (level 7, -10/63 HPs)
             Began as a Minotaur Berserker on Mar 12, 2022.
             Was a Priest of Trog.
             Mangled by an ogre
             ... wielding a +0 giant club
              (24 damage)
             ... on level 5 of the Dungeon.
             The game lasted 00:08:32 (5712 turns).

cbfl8 the Slasher (Minotaur Berserker)              Turns: 5712, Time: 00:08:32

Health: -10/63     AC: 10    Str: 24    XL:     7   Next: 88%
Magic:  6/6        EV:  9    Int:  4    God:    Trog [***...]
Gold:   220        SH:  0    Dex:  9    Spells: 6/6 levels left

rFire   . . .      SeeInvis .   q - +0 war axe
rCold   . . .      Faith    .   (no shield)
rNeg    . . .      Spirit   .   m - +0 chain mail
rPois   .          Reflect  .   (helmet restricted)
rElec   .          Harm     .   (no cloak)
rCorr   .          Rampage  .   (no gloves)
Will    .....                   p - +0 pair of boots
Stlth   ..........              (no amulet)
HPRegen 0.20/turn               (no ring)
MPRegen 0.10/turn               (no ring)

@: no status effects
A: horns 2, retaliatory headbutt
a: Renounce Religion, Berserk, Trog's Hand


You were on level 5 of the Dungeon.
You worshipped Trog.
Trog was most pleased with you.
You visited 1 branch of the dungeon, and saw 5 of its levels.

You collected 220 gold pieces.

Inventory:

Hand Weapons
 a - a +0 falchion
 l - a +1 spear of flaming
 q - a +0 war axe (weapon)
Armour
 b - a +0 animal skin
 e - a +0 leather armour
 m - a +0 chain mail (worn)
 p - a +0 pair of boots (worn)
Jewellery
 s - a +4 ring of slaying
Scrolls
 d - a scroll of fog
 f - a scroll of magic mapping
 g - 2 scrolls of fear
 h - a scroll of amnesia {unknown}
 j - a scroll of vulnerability
 n - 2 scrolls of torment
 t - a scroll of teleportation {unknown}
 u - a scroll of enchant weapon {unknown}
 v - a scroll of identify
Potions
 c - 3 potions of heal wounds
 i - a potion of cancellation {unknown}
 k - a potion of ambrosia {unknown}
 o - 3 potions of brilliance {unknown}
 r - 2 potions of resistance {unknown}


   Skills:
 + Level 6.2 Fighting
 + Level 7.2 Long Blades
 + Level 3.7 Axes
 + Level 4.5 Armour
 + Level 4.0 Dodging
 + Level 1.7 Stealth


You had 6 spell levels left.
You didn't know any spells.
Your spell library contained the following spells:

 Spells                   Type           Power      Damage    Failure   Level
 Alistair's Intoxication  Tmut/Pois      0%         N/A       100%        5
 Borgnjor's Vile Clutch   Necr/Erth      0%         N/A       100%        5
 Eringya's Noxious Bog    Tmut/Pois      0%         N/A       100%        6


Dungeon Overview and Level Annotations

Branches:
Dungeon (5/15)
 Temple: D:4-7

Altars:
Hepliaklqana
Ru
Uskayaw
Xom


Innate Abilities, Weirdness & Mutations

You have a pair of horns on your head.
You reflexively headbutt those who attack you in melee.


Message History

You furiously retaliate!
You headbutt the scorpion, but do no damage.
The scorpion barely misses you. You furiously retaliate!
You headbutt the scorpion! You slash the scorpion!
You kill the scorpion!
Trog accepts your kill.
u - a scroll labelled XIG NYASUMN
Found a dire flail.
An ufetubus comes into view.
The ufetubus shouts!
The ufetubus moves out of view.
An ufetubus is nearby!
You hit the ufetubus but do no damage. You headbutt the ufetubus!
You kill the ufetubus!
Trog accepts your kill.
Found a quarterstaff.
Found a scroll of identify.
Found a fizzy golden potion.
Found a stone staircase leading down.
o - 3 dark potions (gained 2)
v - a scroll of identify
r - 2 fizzy golden potions (gained 1)
There is a stone staircase leading down here.
A white imp and an ogre come into view.
The white imp shouts, "Run away, thou clouted dismal-dreaming tinkerer!"
The ogre shouts!
The ogre hits you with a +0 giant club!!
Found a scroll labelled ORRUXA MYEHIV.
You closely miss the ogre. The ogre hits you with a +0 giant club!
You hit the ogre.
The ogre is lightly wounded.
The ogre hits you with a +0 giant club. The white imp gestures at you.
The puff of frost hits you!
* * * LOW HITPOINT WARNING * * *
You barely miss the ogre.
The ogre is lightly wounded.
The ogre hits you with a +0 giant club!!
You die...

... .# ...# .# 5 .#
.# ##. ?# .# # #..
.# ...# #. #?# .#
.#... #.##5##.# .#
.. ##.......# .. .
#......@.# ##.
#..##.#O.# ..
#..##.#..#
#..#..#..# ####
#..#.##..#
...#######>.#.##..#
.#.##.............#
........##.##.#####
.#.##.#.##.##.#


You could see an ogre and a white imp.

Vanquished Creatures
  A necrophage (D:5)
  A sky beast (D:4)
  An ogre (D:5)
  A phantom (D:2)
  A bullfrog (D:4)
  3 scorpions
  A centaur zombie (D:5)
  An iguana (D:4)
  2 orc priests
  8 gnolls
  A howler monkey skeleton (D:5)
  3 adders
  A white imp (D:5)
  2 ufetubi
  An adder skeleton (D:4)
  A dart slug (D:4)
  9 orcs
  4 bats
  10 endoplasms
  6 giant cockroaches
  7 goblins
  15 hobgoblins
  6 jackals
  5 quokkas
  8 ball pythons
  3 frilled lizards
  8 kobolds
  6 rats
116 creatures vanquished.

Notes
Turn   | Place    | Note
-------+----------+-------------------------------------------
     0 | D:1      | cbfl8 the Minotaur Berserker began the quest for the Orb.
     0 | D:1      | Reached XP level 1. HP: 19/19 MP: 0/0
   319 | D:1      | Reached XP level 2. HP: 26/27 MP: 1/1
   364 | D:1      | Reached skill level 4 in Long Blades
   757 | D:1      | Reached XP level 3. HP: 33/33 MP: 2/2
  1793 | D:2      | Reached ** piety under Trog
  1816 | D:2      | You fall into a shaft and drop 2 floors!
  1816 | D:4      | Noticed a scorpion
  1816 | D:4      | Noticed a bullfrog
  1822 | D:4      | Killed a bullfrog
  1823 | D:4      | Reached skill level 5 in Long Blades
  1823 | D:4      | Reached XP level 4. HP: 41/41 MP: 3/3
  1825 | D:4      | Killed a scorpion
  1826 | D:4      | Reached XP level 5. HP: 47/47 MP: 4/4
  1961 | D:4      | Found a shimmering altar of Xom.
  1988 | D:4      | Noticed a sky beast
  2000 | D:4      | Killed a sky beast
  2001 | D:4      | Reached skill level 5 in Fighting
  2001 | D:4      | Reached skill level 6 in Long Blades
  2001 | D:4      | Reached skill level 1 in Stealth
  2001 | D:4      | Reached XP level 6. HP: 56/56 MP: 5/5
  2456 | D:4      | Found a hazy altar of Hepliaklqana.
  2846 | D:3      | Found a large runed translucent door.
  2846 | D:3      | Found a large runed translucent door.
  3186 | D:2      | Reached XP level 7. HP: 27/61 MP: 6/6
  3733 | D:3      | Reached skill level 7 in Long Blades
  3803 | D:3      | Found a hide-covered altar of Uskayaw.
  3814 | D:3      | Found a sacrificial altar of Ru.
  4611 | D:5      | Entered Level 5 of the Dungeon
  4642 | D:4      | Reached skill level 1 in Axes
  5336 | D:5      | Reached *** piety under Trog
  5712 | D:5      | Mangled by an ogre

Illustrated notes

Levels and vault maps discovered:
D:1:      dpeg_arrival_chambers_temple_mockup, layout_loops_ring,
          chequers_mini_garden, st_stairs_1, nrook_loot_triangle
D:2:      layout_loops_cross, chequers_decorated_corner
D:3:      layout_rooms, jmf_multi_god_temple2
D:4:      layout_rooms, mainiacjoe_overflow_paths,
          mainiacjoe_overflow_six_doors_small
D:5:      layout_loops_cross, old_standard_altar

Skill      XL: |  1  2  3  4  5  6  7 |
---------------+----------------------+-----
Fighting       | 4 5 6 |  6.2
Long Blades    | 4 5 6 7 |  7.2
Armour         | 3 4 |  4.5
Dodging        | 3 4 |  4.0
Stealth        | 1 |  1.7
Axes           | 3 |  3.7

Action                   |  1- 3 |  4- 6 |  7- 9 || total
-------------------------+-------+-------+-------++-------
Melee: Falchion          |   111 |    77 |     7 ||   195
       Headbutt          |    18 |    15 |    13 ||    46
       War axe           |       |       |    83 ||    83
       Punch             |       |       |     1 ||     1
Invok: Berserk           |     1 |     2 |     1 ||     4
       Trog's Hand       |     1 |     1 |     1 ||     3
  Use: Scroll            |     1 |       |     5 ||     6
 Stab: Distracted        |       |     1 |       ||     1
Armor: Animal skin       |     5 |       |       ||     5
       Leather armour    |    17 |    13 |       ||    30
       Chain mail        |       |       |    68 ||    68
Dodge: Dodged            |    53 |    58 |    61 ||   172
